 Dungeon Crawl Stone Soup version 0.32-a0-485-g70f7560b1c (webtiles) character file.

Game seed: 11901104709747397259

228 jasper the Ruffian (level 6, -2/43 HPs)
             Began as a Merfolk Shapeshifter on Feb 26, 2024.
             Slain by an ufetubus (4 damage)
             ... on level 5 of the Dungeon.
             The game lasted 00:03:56 (3580 turns).

jasper the Ruffian (Merfolk Shapeshifter)           Turns: 3580, Time: 00:03:57

Health: -2/43      AC:  5    Str: 16    XL:     6   Next: 2%
Magic:  6/6        EV: 11    Int: 10    God:
Gold:   216        SH:  0    Dex: 13    Spells: 5/5 levels left

rFire   . .          .
                       - Unarmed
rCold   . . .        (no shield)
rNeg    . . .        r - +0 ring mail
rPois   .            (helmet currently unavailable)
rElec   .            (cloak currently unavailable)
rCorr   .            (gloves currently unavailable)
SInv    .            (boots currently unavailable)
Will    .....        (no amulet)
Stlth   +            (no ring)
HPRegen 0.27/turn    (no ring)
MPRegen 0.10/turn

%: no passive effects
@: beast-form
A: beast (slay +2), (nimble swimmer 2), mertail
a: Begin Untransformation


You were on level 5 of the Dungeon.
You were a hulking beast.
You visited 1 branch of the dungeon, and saw 5 of its levels.

You collected 216 gold pieces.

Inventory:

Missiles
 f - 21 stones (quivered)
 i - 12 poisoned darts
Armour
 a - a +0 animal skin
 j - a +0 pair of boots
 r - a +0 ring mail (worn)
Jewellery
 h - an amulet of magic regeneration
 v - a +5 ring of evasion
Talismans
 c - a beast talisman (active)
 d - a flux talisman
Wands
 y - a wand of paralysis (9)
Scrolls
 k - a scroll of teleportation
 l - a scroll of fear
 m - 2 scrolls of blinking
 n - a scroll of fog
 q - a scroll of noise {unknown}
Potions
 b - 3 potions of lignification
 e - 3 potions of heal wounds
 g - 2 potions of invisibility
 o - a potion of magic
 p - a potion of curing {unknown}
 s - a potion of berserk rage {unknown}
 u - a potion of brilliance {unknown}
 x - a potion of degeneration {unknown}


   Skills:
 - Level 1.1 Fighting
 - Level 2.6 Dodging
 + Level 7.1 Unarmed Combat
 - Level 4.0 Shapeshifting


You had 5 spell levels left.
You didn't know any spells.
Your spell library contained the following spells:

 Spells                   Type           Power      Damage    Failure   Level
 Fugue of the Fallen      Necr           0%         N/A       91%         3
 Inner Flame              Hex/Fire       0%         N/A       91%         3
 Ozocubu's Armour         Ice            0%         N/A       91%         3
 Tukima's Dance           Hex            0%         N/A       91%         3
 Flame Wave               Conj/Fire      0%         2d4       100%        4
 Manifold Assault         Tloc           0%         N/A       100%        4
 Passage of Golubria      Tloc           0%         N/A       100%        4
 Sticky Flame             Fire/Alch      0%         2d4       100%        4
 Yara's Violent Unravell  Hex/Alch       0%         3d3       100%        5
 Conjure Ball Lightning   Conj/Air       0%         3x3d6     100%        6
 Discord                  Hex            0%         N/A       100%        8
 Disjunction              Tloc           0%         N/A       100%        8


Dungeon Overview and Level Annotations

Branches:
Dungeon (5/15)
 Temple: D:4-7

Altars:
Ru

Shops:
D:1 =


Innate Abilities, Weirdness & Mutations

You are a hulking beast.
Your limbs bulge with bestial killing power. (Slay +2)
((You are very nimble when in or above water. (Stealth+, EV+, Speed+++)))
Your lower body shifts to a powerful aquatic tail in water.


Message History

The ufetubus hits you but does no damage. x2
The ufetubus barely misses you. The ufetubus hits you.
The scorpion barely misses you.
You take 3 damage, and have 20/36 hp.
You hit the scorpion.
The scorpion is almost dead.
The ufetubus hits you but does no damage.
The ufetubus barely misses you. The ufetubus hits you. The ufetubus misses you.
The scorpion misses you. The ufetubus hits you. x2
The ufetubus closely misses you. The ufetubus misses you.
You take 8 damage, and have 12/36 hp.
MASSIVE DAMAGE!!
You hit the scorpion.
You kill the scorpion!
The ufetubus barely misses you.
The ufetubus hits you but does no damage.
The ufetubus barely misses you.
The ufetubus hits you but does no damage.
Your life force feels restored.
Your Unarmed Combat skill increases to level 7!
You have reached level 6!
You regained 3 hp, and now have 15/43 hp.
MP restored: 6 The ufetubus slips past you!
The ufetubus hits you. x2
* * * LOW HITPOINT WARNING * * *
The ufetubus closely misses you. x2; The ufetubus barely misses you.
The ufetubus completely misses you.
You take 5 damage, and have 10/43 hp.
The ufetubus closely misses you. x2; The ufetubus hits you.
* * * LOW HITPOINT WARNING * * *
The ufetubus barely misses you.
You take 4 damage, and have 6/43 hp.
You closely miss the ufetubus. The ufetubus closely misses you. x2
The ufetubus hits you but does no damage.
The ufetubus closely misses you.
You closely miss the ufetubus. The ufetubus hits you.
* * * LOW HITPOINT WARNING * * *
The ufetubus misses you. The ufetubus barely misses you. The ufetubus hits you.
* * * LOW HITPOINT WARNING * * *
The ufetubus hits you.
You die...

### ... #.##.##
#......######
#.#......######<.
#....###.<.......
####5h########...
##5## #...#
#..†.......
.............
...............
...........<...
...............
...............


You could see 2 ufetubi.

Vanquished Creatures
  A scorpion (D:5)
  2 orc wizards
  3 adders
  3 dart slugs
  A ribbon worm (D:4)
  6 orcs
  6 ball pythons
  7 bats
  10 endoplasms
  2 giant cockroaches (D:3)
  7 goblins
  10 hobgoblins
  2 kobolds
  5 quokkas
  4 rats
69 creatures vanquished.

Notes
Turn   | Place    | Note
-------+----------+-------------------------------------------
     0 | D:1      | jasper the Merfolk Shapeshifter began the quest for the
                  | Orb.
     0 | D:1      | Reached XP level 1. HP: 15/15 MP: 1/1
   258 | D:1      | Reached XP level 2. HP: 21/21 MP: 2/2
   264 | D:1      | Reached skill level 4 in Unarmed Combat
   742 | D:1      | Found Esoaropn's Jewellery Boutique.
   977 | D:2      | Reached XP level 3. HP: 22/26 MP: 3/3
  1395 | D:2      | Reached skill level 5 in Unarmed Combat
  1676 | D:2      | Found a faded altar of an unknown god.
  1950 | D:2      | Reached XP level 4. HP: 30/32 MP: 4/4
  2168 | D:3      | Reached skill level 6 in Unarmed Combat
  2225 | D:3      | Reached XP level 5. HP: 36/37 MP: 5/5
  3330 | D:4      | Found a sacrificial altar of Ru.
  3559 | D:5      | Entered Level 5 of the Dungeon
  3577 | D:5      | Reached skill level 7 in Unarmed Combat
  3577 | D:5      | Reached XP level 6. HP: 15/43 MP: 6/6
  3580 | D:5      | HP: 2/43 [ufetubus (3)]
  3580 | D:5      | Slain by an ufetubus

Illustrated notes

Levels and vault maps discovered:
D:1:      amcnicky_arrival_underground_garden, layout_basic, serial_shops, shop
D:2:      layout_loops_corners, shapermc_ecumenical_altar_hornbeckon,
          minmay_pentomino_q2
D:3:      layout_basic, minmay_misc_feat_iff
D:4:      layout_gridville, nicolae_ru_the_path_less_chosen
D:5:      layout_rooms, makhleb_heckhound_becter

Skill      XL: |  1  2  3  4  5 |
---------------+----------------+-----
Unarmed Combat | 4 5 6 7 |  7.1
Fighting       | |  1.1
Dodging        | |  2.6
Shapeshifting  | |  4.0

Action                     |  1- 3 |  4- 6 || total
---------------------------+-------+-------++-------
  Melee: Unarmed           |    79 |    87 ||   166
         Punch             |     1 |     5 ||     6
    Use: Scroll            |     3 |     8 ||    11
   Stab: Sleeping          |     1 |       ||     1
 Armour: Animal skin       |    25 |       ||    25
         Ring mail         |     2 |    77 ||    79
  Dodge: Dodged            |    45 |    84 ||   129

Table legend: (Time is in decaauts)
 A = Elapsed time spent in this place.
 B = Non-inter-level travel time spent in this place.
 C = Inter-level travel time spent in this place.
 D = Time resting spent in this place.
 E = Time spent auto-exploring this place.
 F = Levels seen in this place.
 G = Mean time per level.
                   A        B        C        D        E       F      G
               +--------+--------+--------+--------+--------+-----+--------+
         Total |   3551 |   3223 |    328 |     83 |   2628 |   5 |  710.2 |
       Dungeon |   3551 |   3223 |    328 |     83 |   2628 |   5 |  710.2 |
               +--------+--------+--------+--------+--------+-----+--------+

Top non-repeatable levels by time:
     D:2: 1062 daAuts
     D:1: 878 daAuts
     D:4: 812 daAuts
     D:3: 778 daAuts
     D:5: 19 daAuts
